 Dungeon Crawl Stone Soup version 0.24.1-14-gf8d2b509d9 (webtiles) character file.

Game seed: 17016548804481551996, levelgen mode: deterministic

1612 Peloso the Carver (level 8, -1/70 HPs)
             Began as a Minotaur Fighter on May 18, 2020.
             Was a Follower of Okawaru.
             Succumbed to an orc wizard's poison
             ... on level 7 of the Dungeon.
             The game lasted 00:14:54 (6888 turns).

Peloso the Carver (Minotaur Fighter)                Turns: 6888, Time: 00:14:55

Health: -1/70      AC: 13    Str: 26    XL:     8   Next: 63%
Magic:  7/7        EV: 13    Int:  5    God:    Okawaru [*.....]
Gold:   266        SH: 13    Dex: 17    Spells: 7/7 levels left

rFire    . . .     SeeInvis .   a - +0 long sword
rCold    + . .     Gourm    .   c - +1 shield
rNeg     + . .     Faith    .   q - +0 chain mail
rPois    .         Spirit   .   (helmet restricted)
rElec    .         Reflect  .   n - +0 cloak
rCorr    .         Harm     .   l - +0 pair of gloves
MR       .....                  (no boots)
Stlth    ..........             s - amulet of magic regeneration
HPRegen  0.21/turn              i - ring of protection from cold
MPRegen  0.35/turn              o - ring of positive energy

@: mighty, agile, lethally poisoned (-1 -> -32)
A: retaliatory headbutt, horns 2
a: Heroism, Renounce Religion


You were on level 7 of the Dungeon.
You worshipped Okawaru.
Okawaru was aware of your devotion.
You were hungry.

You visited 2 branches of the dungeon, and saw 8 of its levels.
You also visited: Sewer.

You collected 266 gold pieces.

Inventory:

Hand Weapons
 a - a +0 long sword (weapon)
 b - the +4 dagger of the Pill Bug {drain, *Noise rN+ MR+++ Str+2}
   (You found it on level 5 of the Dungeon)

   A truly terrible weapon, it drains the life of those it strikes.
   It affects your strength (+2).
   It protects you from negative energy.
   It affects your resistance to hostile enchantments.
   It may make noises in combat.
Armour
 c - a +1 shield (worn)
 l - a +0 pair of gloves (worn)
 n - a +0 cloak (worn)
 q - a +0 chain mail (worn)
Jewellery
 i - a ring of protection from cold (left hand)
 o - a ring of positive energy (right hand)
 s - an amulet of magic regeneration (around neck)
Scrolls
 e - a scroll of enchant armour
 h - 4 scrolls of remove curse
 j - 5 scrolls of identify
 m - a scroll of fog {unknown}
 p - a scroll of blinking
 r - a scroll of random uselessness {unknown}
 u - 6 scrolls of teleportation {unknown}
 w - a scroll of enchant weapon {unknown}
 y - a scroll of silence {unknown}
 z - 2 scrolls of magic mapping
Potions
 d - a potion of might
 g - 4 potions of invisibility
 k - 3 potions of haste
 v - 2 potions of mutation
Comestibles
 f - 9 rations


   Skills:
 + Level 5.7 Fighting
 + Level 8.2 Long Blades
 + Level 7.2 Armour
 + Level 2.5 Dodging
 + Level 0.6 Stealth
 + Level 7.3 Shields


You had 7 spell levels left.
You didn't know any spells.
Your spell library contained the following spells:

 Spells                   Type           Power        Failure   Level  Hunger
 Beastly Appendage        Tmut           #.....       100%        1    ##.....
 Corona                   Hex            #......      100%        1    ##.....
 Sandblast                Erth           #.....       100%        1    ##.....
 Ensorcelled Hibernation  Hex/Ice        #.....       100%        2    ###....
 Passwall                 Tmut/Erth      #.......     100%        2    ###....
 Sticks to Snakes         Tmut           #.......     100%        2    ###....
 Confuse                  Hex            #.......     100%        3    ####...
 Dazzling Spray           Conj/Hex       #.....       100%        3    ####...
 Spider Form              Tmut/Pois      #.........   100%        3    ####...
 Stone Arrow              Conj/Erth      #.....       100%        3    ####...
 Tukima's Dance           Hex            #.......     100%        3    ####...
 Ice Form                 Ice/Tmut       #.......     100%        4    #####..
 Petrify                  Tmut/Erth      #.......     100%        4    #####..
 Blade Hands              Tmut           #.........   100%        5    ######.
 Lee's Rapid Deconstruct  Erth           #.........   100%        5    ######.


Dungeon Overview and Level Annotations

Branches:
Dungeon (7/15)             Temple (1/1) D:4           Sewer (visited)

Altars:
Cheibriados
Makhleb
Nemelex Xobeh
Okawaru
Qazlal
Ru
Sif Muna
Uskayaw
Yredelemnul
The Shining One

Shops:
D:5 (

Annotations:
D:4 1 runed translucent door, VeryBadPlayer's ghost, amateur MiFi


Innate Abilities, Weirdness & Mutations

You reflexively headbutt those who attack you in melee.
You have a pair of horns on your head.


Message History

You bump into the rock wall.
* * * LOW HITPOINT WARNING * * *
You feel very sick. Something hits you.
* * * LOW HITPOINT WARNING * * *
You feel very mighty all of a sudden.
* * * LOW HITPOINT WARNING * * *
You feel sick. Something hits you but does no damage.
You are more poisoned.
You slash something! You headbutt something! Okawaru accepts your kill.
Reactivating autopickup.
You feel a bit more experienced.
* * * LOW HITPOINT WARNING * * *
You feel very sick.
You bump into the rock wall.
* * * LOW HITPOINT WARNING * * *
You feel very sick.
You feel less confused.
You die...

#.# #.# #.#
#.#
###[#####
#...รท..<#
#.#.###.#
#.#.# #.#
#@#.# #.#
#)#.# #.#
#.#.# #..
....!..)..#
###
#######.###
#.# #.. ###


There were no monsters in sight!

Vanquished Creatures
  Prince Ribbit (D:6)
  A hippogriff (D:7)
  A water moccasin (D:5)
  A phantom (D:4)
  3 ogres
  A big kobold (Sewer)
  A bullfrog (D:4)
  A scorpion (D:4)
  A crimson imp (D:6)
  3 hounds
  2 orc priests
  3 orc wizards
  2 worker ants
  A killer bee zombie (D:5)
  A hound skeleton (D:6)
  A worker ant zombie (D:6)
  6 adders
  3 oozes (Sewer)
  An adder skeleton (D:4)
  3 worms
  2 dart slugs
  3 leopard geckos
  23 orcs
  10 giant cockroaches
  5 goblins
  5 hobgoblins
  24 jackals
  5 quokkas
  2 ball pythons
  10 bats
  7 frilled lizards
  14 kobolds
  A leopard gecko skeleton (D:4)
  25 rats
173 creatures vanquished.

Notes
Turn   | Place    | Note
-------+----------+-------------------------------------------
     0 | D:1      | Peloso the Minotaur Fighter began the quest for the Orb.
     0 | D:1      | Reached XP level 1. HP: 19/19 MP: 0/0
   136 | D:1      | Reached XP level 2. HP: 27/27 MP: 1/1
   483 | D:1      | Reached XP level 3. HP: 33/33 MP: 2/2
   598 | D:1      | Reached skill level 3 in Long Blades
   906 | D:2      | Reached XP level 4. HP: 40/40 MP: 3/3
   976 | D:2      | Reached skill level 1 in Dodging
  2139 | D:3      | Reached skill level 4 in Long Blades
  2139 | D:3      | Reached XP level 5. HP: 8/46 MP: 4/4
  2750 | D:3      | Reached skill level 5 in Shields
  2978 | D:4      | Noticed a phantom
  3001 | D:4      | Killed a phantom
  3001 | D:4      | Reached XP level 6. HP: 53/53 MP: 5/5
  3033 | D:4      | Reached skill level 5 in Long Blades
  3033 | D:4      | Reached skill level 5 in Armour
  3145 | D:4      | Found a glowing drain.
  3269 | Sewer    | Entered a sewer
  3341 | Sewer    | Reached XP level 7. HP: 59/60 MP: 6/6
  3620 | D:4      | Found a runed translucent door.
  3621 | D:4      | Noticed VeryBadPlayer's ghost (amateur MiFi)
  3652 | D:4      | Found a staircase to the Ecumenical Temple.
  3678 | Temple   | Entered the Ecumenical Temple
  3703 | Temple   | Became a worshipper of Warmaster Okawaru
  3803 | D:4      | Reached skill level 6 in Long Blades
  3949 | D:4      | Found a sparkling altar of Nemelex Xobeh.
  3949 | D:4      | Found a sacrificial altar of Ru.
  4079 | D:5      | Entered Level 5 of the Dungeon
  4355 | D:5      | Found Dosmoqu's Weapon Boutique.
  4389 | D:5      | Got an ichor-stained dagger
  4390 | D:5      | Identified the +4 dagger of the Pill Bug {drain, *Noise rN+
                  | MR+++ Str+2} (You found it on level 5 of the Dungeon)
  4541 | D:5      | Reached skill level 5 in Fighting
  6112 | D:6      | Reached skill level 7 in Long Blades
  6112 | D:6      | Reached XP level 8. HP: 48/68 MP: 7/7
  6237 | D:6      | Noticed Prince Ribbit
  6281 | D:6      | HP: 1/68 [Prince Ribbit (7)]
  6285 | D:6      | Killed Prince Ribbit
  6855 | D:7      | Noticed a hippogriff
  6867 | D:7      | Killed a hippogriff
  6867 | D:7      | Reached * piety under Okawaru
  6867 | D:7      | Reached skill level 8 in Long Blades
  6887 | D:7      | HP: 1/70 [poisoned by an orc wizard]
  6888 | D:7      | Succumbed to an orc wizard's poison

Levels and vault maps discovered:
D:1:      giann_horns, layout_basic, minmay_pentomino_r4
D:2:      layout_rooms
D:3:      layout_basic, first_ration, due_unseen_surprise
D:4:      layout_gridville, gammafunk_temple_overflow_pools,
          minmay_temple_entry_junction, portal_sewer_entry_e,
          gammafunk_ghost_grave
D:5:      layout_basic, serial_shops, shop
D:6:      layout_basic, water_boxes_lemuel, uniq_prince_ribbit1
D:7:      layout_loops_ring, serial_shops, kennysheep_mini_moat
Temple:   regret_index_temple_chain_breaker

Skill      XL: |  1  2  3  4  5  6  7  8 |
---------------+-------------------------+-----
Shields        | 4 5 6 7 |  7.3
Armour         | 4 5 6 7 |  7.2
Fighting       | 4 5 |  5.7
Long Blades    | 3 4 5 7 8 |  8.2
Dodging        | 1 2 |  2.5
Stealth        | |  0.6

Action                   |  1- 3 |  4- 6 |  7- 9 || total
-------------------------+-------+-------+-------++-------
Melee: Long sword        |    89 |   166 |   255 ||   510
       Headbutt          |    13 |    28 |    45 ||    86
  Use: Potion            |     4 |       |     7 ||    11
       Scroll            |       |     4 |     2 ||     6
  Eat: Chunk             |       |     5 |    11 ||    16
       Ration            |       |     1 |       ||     1
Armor: Scale mail        |    46 |    19 |       ||    65
       Chain mail        |       |    64 |   106 ||   170
Dodge: Dodged            |    29 |    51 |    59 ||   139
Block: Shield            |    47 |    88 |   145 ||   280
       Rpst.: Long sword |    10 |     9 |    21 ||    40
